 Dungeon Crawl Stone Soup version 0.31-a0-196-g86fe4a5e66 (webtiles) character file.

Game seed: 10240565201027292335

8295 AlmostDecent the Frost Mage (level 11, -2/82 HPs)
             Began as a Gnoll Ice Elementalist on June 24, 2023.
             Was a Follower of Vehumet.
             Slain by an orc warrior
             ... wielding a +0 spear
              (7 damage)
             ... in a bailey.
             The game lasted 00:40:04 (10996 turns).

AlmostDecent the Frost Mage (GnIE)                 Turns: 10996, Time: 00:40:05

Health: -2/82      AC:  9    Str:  7    XL:     11   Next: 28%
Magic:  13/23      EV: 17    Int: 19    God:    Vehumet [*.....]
Gold:   712        SH:  0    Dex: 19    Spells: 15/26 levels left

rFire   + . .        G - +0 short sword (venom)
rCold   . . .        (no shield)
rNeg    . . .        E - +0 steam dragon scales
rPois   .            r - +0 helmet
rElec   .            (no cloak)
rCorr   .            (no gloves)
SInv    .            o - +0 pair of boots
Will    .....        (no amulet)
Stlth   ++++         k - +6 ring of dexterity
HPRegen 0.33/turn    l - ring of protection from fire
MPRegen 0.18/turn

%: no passive effects
@: freezing walls
A: fangs 1, strong nose, distributed training
a: Renounce Religion


You were in a bailey.
You worshipped Vehumet.
Vehumet was aware of your devotion.
You visited 2 branches of the dungeon, and saw 11 of its levels.
You also visited: Bailey.

You collected 712 gold pieces.

Inventory:

Hand Weapons
 d - a +0 short sword
 e - a +3 trident of freezing
 g - a +2 hand axe of freezing
 v - a +0 short sword of protection
 z - a +2 short sword of draining
 A - the +2 war axe of Cuinub {freeze, rPois}
   (You found it on level 6 of the Dungeon)

   rPois:     It protects you from poison.
 G - a +0 short sword of venom (weapon)
Armour
 a - a +0 robe
 o - a +0 pair of boots (worn)
 r - a +0 helmet (worn)
 E - +0 steam dragon scales (worn)
 K - a +0 leather armour of cold resistance
Jewellery
 k - a +6 ring of dexterity (left hand)
 l - a ring of protection from fire (right hand)
 m - an amulet of faith
 p - a +4 ring of protection
 q - a ring of protection from cold
 t - a ring of poison resistance
 C - a +6 ring of dexterity
 L - a +4 ring of protection
Wands
 u - a wand of paralysis (36)
 w - a wand of flame (25)
 I - a wand of roots (13)
Scrolls
 h - 5 scrolls of enchant armour
 j - 2 scrolls of teleportation
 y - 2 scrolls of enchant weapon
 F - 2 scrolls of fear
 M - a scroll of immolation {unknown}
Potions
 b - 3 potions of magic
 c - 2 potions of curing
 f - 2 potions of degeneration {unknown}
 i - a potion of mutation {unknown}
 n - 7 potions of haste
 s - 3 potions of brilliance
 x - a potion of attraction {unknown}
 B - a potion of enlightenment {unknown}
 D - 2 potions of resistance
 H - a potion of lignification {unknown}
 J - a potion of might {unknown}


   Skills:
 + Level 6.3 Fighting
 + Level 6.3 Short Blades
 + Level 6.3 Long Blades
 + Level 6.3 Axes
 + Level 6.3 Maces & Flails
 + Level 6.3 Polearms
 + Level 6.3 Staves
 + Level 6.3 Ranged Weapons
 + Level 6.3 Throwing
 + Level 6.3 Armour
 + Level 7.9 Dodging
 + Level 7.7 Stealth
 + Level 6.3 Shields
 + Level 6.3 Unarmed Combat
 + Level 8.2 Spellcasting
 + Level 5.3 Conjurations
 + Level 5.3 Hexes
 + Level 5.3 Summonings
 + Level 5.3 Necromancy
 + Level 5.3 Translocations
 + Level 5.3 Transmutations
 + Level 5.3 Fire Magic
 + Level 9.0 Ice Magic
 + Level 5.3 Air Magic
 + Level 5.3 Earth Magic
 + Level 5.3 Poison Magic
 + Level 7.0 Invocations
 + Level 6.3 Evocations


You had 15 spell levels left.
You knew the following spells:

 Your Spells              Type           Power      Damage    Failure   Level
a - Freeze                Ice            100%       1d10      1%          1
b - Frozen Ramparts       Ice            84%        1d13      1%          3
c - Ozocubu's Armour      Ice            42%        N/A       1%          3
d - Summon Ice Beast      Ice/Summ       34%        N/A       4%          4

Your spell library contained the following spells:

 Spells                   Type           Power      Damage    Failure   Level
 Foxfire                  Conj/Fire      100%       2x1d9     1%          1
 Inner Flame              Hex/Fire       27%        N/A       3%          3
 Stone Arrow              Conj/Erth      54%        3d10      3%          3
 Animate Armour           Summ/Erth      54%        N/A       10%         4
 Flame Wave               Conj/Fire      27%        2d9       10%         4
 Sticky Flame             Conj/Fire      27%        2d5       10%         4
 Storm Form               Tmut/Air       13%        N/A       100%        7
 Lehudib's Crystal Spear  Conj/Erth      13%        10d5      100%        8
 Maxwell's Capacitive Co  Air            13%        ∞         100%        8


Dungeon Overview and Level Annotations

Branches:
Dungeon (10/15)            Temple (1/1) D:6            Lair (0/5) D:8
    Orc (0/2) D:9          Bailey (1/1)

Altars:
Ashenzari
Cheibriados
Dithmenos
Elyvilon
Fedhas
Gozag
Hepliaklqana
Kikubaaqudgha
Makhleb
Nemelex Xobeh
Okawaru
Qazlal
Ru
Sif Muna
Trog
Uskayaw
Vehumet
Wu Jian
Xom
Yredelemnul
Zin
The Shining One

Annotations:
D:8 Gastronok


Innate Abilities, Weirdness & Mutations

You have very sharp teeth.
Your uncanny sense of smell can sniff out nearby items.
Your experience applies equally to all skills.


Message History

Casting: Summon Ice Beast (dangerous; 4% risk of failure)
Confirm with . or Enter, or press ? or * to list all spells.
Casting: Frozen Ramparts (safe; 1% risk of failure)
Press: ? - help, Dir - look around, f - activate Look: an orc warrior, wielding a +0 spear and wearing a +0 ring mail (moderately wounded, ally target)
The walls around you are covered in ice.
The wall freezes the orc!
The orc hits you from afar with a +0 trident.
* * * LOW HITPOINT WARNING * * *
The wall freezes the orc warrior!
The orc warrior hits you but does no damage.
You barely miss the orc warrior. Your bite misses the orc warrior.
The orc warrior is heavily wounded.
The wall freezes the orc.
You kill the orc!
Vehumet accepts your kill.
You can now gain magical power from killing.
Vehumet offers you knowledge of Foxfire.
The wall freezes the orc warrior but does no damage.
The orc warrior hits you with a +0 spear!
* * * LOW HITPOINT WARNING * * *
You closely miss the orc warrior.
The orc warrior is heavily wounded.
Your ice beast closely misses the orc warrior.
You barely miss the orc warrior.
The orc warrior is heavily wounded.
The wall freezes the orc warrior.
The orc warrior hits you with a +0 spear!
* * * LOW HITPOINT WARNING * * *
Your ice beast barely misses the orc warrior.
You feel better.
The wall freezes the orc warrior but does no damage.
The orc warrior hits you with a +0 spear.
* * * LOW HITPOINT WARNING * * *
Your ice beast hits the orc warrior but does no damage.
You barely miss the orc warrior.
The orc warrior is severely wounded.
The wall freezes the orc warrior.
The orc warrior hits you with a +0 spear!
You die...

####.$#..♣≈≈≈≈..♣.##
.....#...≈≈≈≈.....##
...##.♣.≈≈≈≈..♣....
#..#....≈ ≈≈....... ∆
#8.#...######......
∆∆#..#...............
∆∆#.)')..............
∆∆#..'...............
∆∆#Y@#...............
∆ #8o#...######......
#))#....≈ ≈..♣....
...##...≈≈≈≈..♣♣...
.....#...≈≈≈≈.....##
####.$#..≈≈≈≈≈..####
### ..≈≈≈≈


You could see an orc warrior (ally target) and a friendly ice beast (summoned).

Vanquished Creatures
  Maurice (D:8)
  Maggie (D:6)
  A troll (D:7)
  Prince Ribbit (D:6)
  Grinder (D:6)
  A slime creature (D:6)
  Sigmund (D:3)
  A wyvern (D:8)
  12 yaks
  A steam dragon (D:6)
  5 orc warriors
  The ghost of Palms the Magician, an amateur VSAE of Gozag (D:4)
  2 ice beasts
  A black bear (D:5)
  4 sky beasts
  3 ogres
  6 centaurs
  2 phantoms (D:5)
  2 kobold brigands
  3 bullfrogs
  3 scorpions
  A wight (D:9)
  3 killer bees (D:10)
  4 howler monkeys
  A crimson imp (D:9)
  4 hounds
  10 orc priests
  5 iguanas
  A sleepcap (D:5)
  7 orc wizards
  Robin (D:3)
  7 gnolls
  5 adders
  5 shadow imps
  A white imp (D:7)
  An ufetubus (D:5)
  A worm (D:4)
  2 dart slugs
  48 orcs
  8 ball pythons
  6 endoplasms
  A giant cockroach (D:1)
  10 goblins
  7 hobgoblins
  2 jackals (D:2)
  10 kobolds
  A quokka (D:4)
  4 bats
  3 frilled lizards
212 creatures vanquished.

Vanquished Creatures (collateral kills)
  A basilisk (D:7)
  An orc warrior (Bailey)
  A black bear (D:7)
  A phantom (D:6)
  A bullfrog (D:6)
  5 wights
  An orc priest (D:9)
  4 orcs
15 creatures vanquished.

Grand Total: 227 creatures vanquished

Notes
Turn   | Place    | Note
-------+----------+-------------------------------------------
     0 | D:1      | AlmostDecent the Gnoll Ice Elementalist began the quest for
                  | the Orb.
     0 | D:1      | Reached XP level 1. HP: 13/13 MP: 6/6
   196 | D:1      | Reached XP level 2. HP: 19/19 MP: 5/7
   919 | D:2      | Reached skill level 5 in Spellcasting
   919 | D:2      | Reached XP level 3. HP: 25/25 MP: 6/9
   923 | D:2      | Learned a level 3 spell: Frozen Ramparts
   927 | D:2      | Learned a level 3 spell: Ozocubu's Armour
  1983 | D:2      | Reached skill level 1 in Invocations
  1987 | D:2      | Reached skill level 1 in Fighting
  1987 | D:2      | Reached skill level 1 in Short Blades
  1987 | D:2      | Reached skill level 1 in Long Blades
  1987 | D:2      | Reached skill level 1 in Axes
  1987 | D:2      | Reached skill level 1 in Maces & Flails
  1987 | D:2      | Reached skill level 1 in Polearms
  1987 | D:2      | Reached skill level 1 in Staves
  1987 | D:2      | Reached skill level 1 in Ranged Weapons
  1987 | D:2      | Reached skill level 1 in Throwing
  1987 | D:2      | Reached skill level 1 in Armour
  1987 | D:2      | Reached skill level 1 in Shields
  1987 | D:2      | Reached skill level 1 in Unarmed Combat
  1987 | D:2      | Reached skill level 1 in Evocations
  2098 | D:2      | Reached XP level 4. HP: 32/32 MP: 6/11
  2382 | D:3      | Noticed Sigmund
  2387 | D:3      | Killed Sigmund
  2388 | D:3      | Reached skill level 1 in Conjurations
  2388 | D:3      | Reached skill level 1 in Hexes
  2388 | D:3      | Reached skill level 1 in Summonings
  2388 | D:3      | Reached skill level 1 in Necromancy
  2388 | D:3      | Reached skill level 1 in Translocations
  2388 | D:3      | Reached skill level 1 in Transmutations
  2388 | D:3      | Reached skill level 1 in Fire Magic
  2388 | D:3      | Reached skill level 1 in Air Magic
  2388 | D:3      | Reached skill level 1 in Earth Magic
  2388 | D:3      | Reached skill level 1 in Poison Magic
  2388 | D:3      | Reached XP level 5. HP: 23/38 MP: 5/12
  2601 | D:3      | Found a blossoming altar of Fedhas.
  2850 | D:3      | Reached XP level 6. HP: 40/44 MP: 8/13
  3030 | D:3      | Noticed Robin
  3040 | D:3      | Killed Robin
  3041 | D:3      | Reached skill level 5 in Dodging
  3559 | D:4      | Reached XP level 7. HP: 45/51 MP: 11/15
  4007 | D:4      | Found a snail-covered altar of Cheibriados.
  4239 | D:4      | Found a large runed translucent door.
  4240 | D:4      | Found a large runed translucent door.
  4242 | D:4      | Noticed Palms's ghost (amateur VSAE)
  4327 | D:4      | Killed Palms's ghost
  4328 | D:4      | Reached skill level 5 in Stealth
  4605 | D:5      | Entered Level 5 of the Dungeon
  4668 | D:5      | Learned a level 4 spell: Summon Ice Beast
  4892 | D:5      | Reached XP level 8. HP: 35/58 MP: 5/16
  5542 | D:5      | Found an opulent altar of Gozag.
  5793 | D:6      | Noticed Prince Ribbit
  5802 | D:6      | Killed Prince Ribbit
  5803 | D:6      | Reached XP level 9. HP: 50/65 MP: 10/18
  5916 | D:6      | Found a staircase to the Ecumenical Temple.
  5974 | Temple   | Entered the Ecumenical Temple
  6220 | D:6      | Identified the +2 war axe of Cuinub {freeze, rPois}
  6273 | D:6      | Found a shadowy altar of Dithmenos.
  6398 | D:6      | Found a broken altar of Ashenzari.
  6398 | D:6      | Found a sparkling altar of Nemelex Xobeh.
  6444 | D:6      | Noticed Grinder
  6448 | D:6      | Paralysed by Grinder for 3 turns
  6461 | D:6      | Reached skill level 8 in Ice Magic
  6489 | D:6      | Paralysed by Grinder for 3 turns
  6518 | D:6      | Killed Grinder
  6638 | D:6      | Found an ancient bone altar of Kikubaaqudgha.
  6864 | D:6      | Noticed Maggie
  6887 | D:6      | Killed Maggie
  6975 | D:6      | Reached skill level 5 in Invocations
  7122 | D:7      | Noticed a troll
  7136 | D:7      | Killed a troll
  7588 | D:7      | Reached skill level 5 in Fighting
  7588 | D:7      | Reached skill level 5 in Short Blades
  7588 | D:7      | Reached skill level 5 in Long Blades
  7588 | D:7      | Reached skill level 5 in Axes
  7588 | D:7      | Reached skill level 5 in Maces & Flails
  7588 | D:7      | Reached skill level 5 in Polearms
  7588 | D:7      | Reached skill level 5 in Staves
  7588 | D:7      | Reached skill level 5 in Ranged Weapons
  7588 | D:7      | Reached skill level 5 in Throwing
  7588 | D:7      | Reached skill level 5 in Armour
  7588 | D:7      | Reached skill level 5 in Shields
  7588 | D:7      | Reached skill level 5 in Unarmed Combat
  7588 | D:7      | Reached skill level 5 in Evocations
  7588 | D:7      | Reached XP level 10. HP: 57/74 MP: 16/20
  8529 | D:8      | Found a staircase to the Lair.
  8771 | D:8      | Noticed Maurice
  8778 | D:8      | Killed Maurice
  9142 | D:8      | Found a bloodstained altar of Trog.
  9143 | D:8      | Noticed Gastronok
  9832 | D:9      | Found a staircase to the Orcish Mines.
 10486 | D:9      | Found a burning altar of Makhleb.
 10486 | D:9      | Found a shimmering altar of Xom.
 10619 | D:10     | Entered Level 10 of the Dungeon
 10640 | D:10     | Found a radiant altar of Vehumet.
 10646 | D:10     | Became a worshipper of Vehumet
 10647 | D:10     | Reached skill level 5 in Conjurations
 10647 | D:10     | Reached skill level 5 in Hexes
 10647 | D:10     | Reached skill level 5 in Summonings
 10647 | D:10     | Reached skill level 5 in Necromancy
 10647 | D:10     | Reached skill level 5 in Translocations
 10647 | D:10     | Reached skill level 5 in Transmutations
 10647 | D:10     | Reached skill level 5 in Fire Magic
 10647 | D:10     | Reached skill level 5 in Air Magic
 10647 | D:10     | Reached skill level 5 in Earth Magic
 10647 | D:10     | Reached skill level 5 in Poison Magic
 10653 | D:10     | Reached XP level 11. HP: 77/81 MP: 19/22
 10933 | D:10     | Found a flagged portal.
 10942 | Bailey   | Entered a bailey
 10970 | Bailey   | Reached skill level 9 in Ice Magic
 10992 | Bailey   | Reached * piety under Vehumet
 10992 | Bailey   | Offered knowledge of Foxfire by Vehumet.
 10994 | Bailey   | HP: 4/82 [orc warrior/+0 spear (10)]
 10996 | Bailey   | Slain by an orc warrior

Illustrated notes

Levels and vault maps discovered:
D:1:      dpeg_arrival_long_road, layout_loops_cross
D:2:      layout_loops_corners, serial_forest, infiniplex_forest_lined_room_3,
          infiniplex_forest_straight_4, infiniplex_forest_join,
          infiniplex_forest_straight_2, infiniplex_forest_zigzag_1,
          infiniplex_forest_lined_3, infiniplex_forest_straight_5,
          minmay_surrounded
D:3:      layout_basic, fedhas_altar_3, uniq_robin, uniq_sigmund
D:4:      layout_basic, mainiacjoe_overflow_six_doors_small,
          ebering_ghost_disaster_area
D:5:      layout_loops_ring, grunt_gozag_breadcrumbs
D:6:      layout_basic, marbit_many_paths, mainiacjoe_overflow_divided_tiny,
          grunt_dithmenos_shadows, minmay_temple_entry_slanted,
          eino_small_chamber_without_monster, corexii_leaking_fountain,
          corexii_hall_statues_deadend, uniq_grinder, uniq_prince_ribbit1,
          uniq_maggie
D:7:      cheibrodos_fzero, layout_basic
D:8:      layout_loops_ring, nicolae_overflow_hidden_temple, lair_entry_dummy,
          uniq_gastronok, uniq_maurice
D:9:      layout_roguey, grunt_temple_overflow_champion_of_chaos,
          hiddenorc2_lemuel
D:10:     layout_loops_corners, kennysheep_mini_moat, enter_bailey_6, uniq_grum
Temple:   nicolae_temple_bog_church
Bailey:   bailey_polearm_elven_captive_hellmonk, bailey

Skill      XL: |  1  2  3  4  5  6  7  8  9 10 11 |
---------------+----------------------------------+-----
Spellcasting   | 5 6 7 8 |  8.2
Invocations    | 1 2 3 4 5 6 7 |  7.0
Fighting       | 1 2 3 4 5 6 |  6.3
Short Blades   | 1 2 3 4 5 6 |  6.3
Long Blades    | 1 2 3 4 5 6 |  6.3
Axes           | 1 2 3 4 5 6 |  6.3
Maces & Flails | 1 2 3 4 5 6 |  6.3
Polearms       | 1 2 3 4 5 6 |  6.3
Staves         | 1 2 3 4 5 6 |  6.3
Ranged Weapons | 1 2 3 4 5 6 |  6.3
Throwing       | 1 2 3 4 5 6 |  6.3
Armour         | 1 2 3 4 5 6 |  6.3
Shields        | 1 2 3 4 5 6 |  6.3
Unarmed Combat | 1 2 3 4 5 6 |  6.3
Evocations     | 1 2 3 4 5 6 |  6.3
Conjurations   | 1 2 3 4 5 |  5.3
Hexes          | 1 2 3 4 5 |  5.3
Summonings     | 1 2 3 4 5 |  5.3
Necromancy     | 1 2 3 4 5 |  5.3
Translocations | 1 2 3 4 5 |  5.3
Transmutations | 1 2 3 4 5 |  5.3
Fire Magic     | 1 2 3 4 5 |  5.3
Air Magic      | 1 2 3 4 5 |  5.3
Earth Magic    | 1 2 3 4 5 |  5.3
Poison Magic   | 1 2 3 4 5 |  5.3
Dodging        | 5 6 7 |  7.9
Stealth        | 5 6 7 |  7.7
Ice Magic      | 8 9 |  9.0

Action                     |  1- 3 |  4- 6 |  7- 9 | 10-12 || total
---------------------------+-------+-------+-------+-------++-------
  Melee: Unarmed           |     2 |       |       |       ||     2
         Bite              |    63 |     3 |    18 |    38 ||   122
         Short sword       |   329 |    20 |   162 |   219 ||   730
         Punch             |     7 |       |     7 |    12 ||    26
   Cast: Freeze            |    38 |    24 |    51 |    48 ||   161
         Frozen Ramparts   |     1 |     9 |    37 |    26 ||    73
         Ozocubu's Armour  |       |       |     8 |     8 ||    16
         Summon Ice Beast  |       |       |     7 |    14 ||    21
    Use: Scroll            |       |       |     7 |     3 ||    10
         Potion            |       |       |       |     4 ||     4
   Stab: Sleeping          |     1 |       |     1 |     1 ||     3
         Distracted        |       |       |     1 |     2 ||     3
 Armour: Robe              |    10 |     5 |    25 |       ||    40
         Steam dragon scal |       |       |    14 |    62 ||    76
  Dodge: Dodged            |    38 |    23 |   152 |   162 ||   375

Table legend: (Time is in decaauts)
 A = Elapsed time spent in this place.
 B = Non-inter-level travel time spent in this place.
 C = Inter-level travel time spent in this place.
 D = Time resting spent in this place.
 E = Time spent auto-exploring this place.
 F = Levels seen in this place.
 G = Mean time per level.
                   A        B        C        D        E       F      G
               +--------+--------+--------+--------+--------+-----+--------+
         Total |  10908 |  10433 |    475 |    393 |   8066 |  12 |  909.0 |
       Dungeon |  10672 |  10202 |    470 |    393 |   7898 |  10 | 1067.2 |
        Temple |    185 |    180 |      5 |      0 |    167 |   1 |  185.0 |
        Bailey |     51 |     51 |      0 |      0 |      0 |   1 |   51.0 |
               +--------+--------+--------+--------+--------+-----+--------+

Top non-repeatable levels by time:
     D:6: 1480 daAuts
     D:2: 1434 daAuts
     D:4: 1369 daAuts
     D:5: 1171 daAuts
     D:9: 1102 daAuts
     D:7: 1071 daAuts
     D:8: 953 daAuts
     D:3: 953 daAuts
     D:1: 832 daAuts
    D:10: 302 daAuts
  Temple: 185 daAuts
  Bailey: 51 daAuts
